Map: 紫晶浪漫-天梯版

Players

Cyan - Winner!

  • Race: Protoss Protoss
  • League: Master

JieShi

  • Race: Protoss Protoss
  • League: Master

Event: DreamHack SC2 Masters 2020 Winter

VOD

Have the link to the VOD?

Description

Time

  • Played on: Oct. 31, 2020, 8:42 a.m.
  • Length: 11:52

All games in this series

Show
View Real Time Build Order
Export as new Build Order

Cyan Protoss - Winner!

Build Orders: Blink Stalkers 

Get SALT Encoding   

  12  0:00  Probe  
  13  0:12  Probe  
  14  0:18  Pylon  
  14  0:24  Probe (Chrono Boost)  
  15  0:37  Gateway, Probe (Chrono Boost)  
  16  0:45  Probe (Chrono Boost)  
  16  0:47  Assimilator  
  17  0:51  Probe  
  17  0:55  Assimilator  
  18  1:03  Probe (Chrono Boost)  
  19  1:09  Gateway  
  19  1:13  Probe (Chrono Boost)  
  19  1:18  Probe (Chrono Boost)  
  20  1:24  Cybernetics Core  
  21  1:30  Probe  
  21  1:32  Pylon  
  22  1:42  Probe  
  24  1:54  Probe  
  24  1:59  Warp Gate (Chrono Boost)  
  24  2:01  Stalker x2  
  24  2:06  Probe  
  29  2:14  Pylon  
  29  2:18  Probe  
  30  2:23  Pylon  
  30  2:32  Sentry  
  32  2:38  Sentry  
  34  2:44  Nexus  
  34  2:50  Shield Battery  
  34  2:53  Probe  
  35  3:00  Sentry  
  35  3:05  Probe  
  38  3:07  Pylon  
  38  3:13  Twilight Council  
  38  3:19  Probe  
  39  3:24  Shield Battery  
  39  3:31  Probe (Chrono Boost)  
  41  3:42  Stalker  
  41  3:43  Stalker, Probe (Chrono Boost)  
  45  3:50  Probe (Chrono Boost)  
  45  3:53  Blink (Chrono Boost)  
  46  3:57  Probe  
  47  4:04  Probe  
  47  4:09  Probe  
  49  4:14  Stalker  
  51  4:19  Probe  
  51  4:21  Probe  
  52  4:31  Probe  
  52  4:33  Pylon, Probe  
  54  4:43  Probe  
  54  4:45  Robotics Facility, Probe  
  56  4:49  Stalker  
  58  4:55  Probe  
  58  4:57  Pylon, Probe  
  60  5:02  Assimilator, Gateway  
  60  5:06  Gateway  
  60  5:08  Probe  
  60  5:09  Sentry  
  60  5:12  Probe  
  64  5:19  Stalker  
  66  5:22  Pylon  
  66  5:25  Probe  
  66  5:26  Pylon  
  67  5:33  Observer (Chrono Boost)  
  68  5:46  Warp Prism (Chrono Boost), Nexus  
  70  5:52  Stalker  
  70  5:55  Stalker  
  74  5:58  Stalker  
  74  6:03  Stalker  
  78  6:06  Shield Battery  
  78  6:07  Probe  
  78  6:10  Probe  
  80  6:18  Stalker, Observer (Chrono Boost)  
  81  6:19  Stalker  
  81  6:24  Probe  
  86  6:32  Probe  
  85  6:37  Probe  
  84  6:40  Stalker  
  84  6:41  Stalker  
  84  6:44  Probe  
  89  6:49  Pylon, Probe  
  89  6:50  Stalker x2  
  94  6:57  Probe  
  94  7:01  Probe  
  94  7:02  Probe  
  94  7:09  Stalker x2  
  94  7:10  Probe  
  94  7:13  Forge, Probe  
  100  7:16  Stalker  
  100  7:17  Stalker  
  104  7:27  Probe  
  104  7:28  Probe  
  106  7:37  Probe  
  106  7:39  Stalker x3, Probe  
  106  7:40  Stalker  
  106  7:44  Pylon  
  116  7:46  Probe  
  116  7:49  Observer  
  115  8:04  Stalker x3  
  115  8:05  Stalker  
  107  8:17  Charge  
  107  8:18  Immortal  
  105  8:23  Gateway  
  105  8:24  Protoss Ground Weapons Level 1 (Chrono Boost)  
  95  8:28  Gateway, Probe x2  
  95  8:29  Probe  
  95  8:30  Assimilator  
  95  8:31  Assimilator  
  98  8:35  Pylon  
  98  8:44  Shield Battery  
  98  8:45  Shield Battery  
  98  8:47  Shield Battery  
  98  8:48  Pylon  
  98  8:50  Photon Cannon  
  98  8:51  Photon Cannon x2  
  98  8:53  Sentry  
  98  8:54  Zealot x2  
  104  9:03  Gateway  
  104  9:05  Gateway  
  104  9:08  Immortal  
  108  9:14  Zealot x2, Sentry  
  112  9:17  Observer  
  111  9:27  Zealot x3  
  117  9:32  Gateway x2  
  117  9:42  Probe, Templar Archives  
  117  9:43  Probe x2  
  117  9:44  Assimilator  
  120  9:53  Zealot x4  
  128  10:03  Probe  
  128  10:05  Zealot  
  128  10:06  Zealot x3  
  137  10:22  High Templar  
  137  10:23  High Templar  
  137  10:26  Pylon  
  137  10:27  Archon, Pylon  
  141  10:29  Pylon  
  141  10:38  Nexus  
  141  10:40  Pylon  
  141  10:42  Stalker x2  
  138  10:45  Stalker x2  
  119  11:05  Zealot x2  
  119  11:06  Zealot x4  
  119  11:11  Zealot x2  
  109  11:29  Stalker x4  
Show
View Real Time Build Order
Export as new Build Order

JieShi Protoss 

Build Orders: Oracle Opening 

Get SALT Encoding   

  12  0:00  Probe  
  13  0:12  Probe  
  14  0:17  Pylon  
  14  0:24  Probe (Chrono Boost)  
  16  0:37  Probe (Chrono Boost)  
  16  0:38  Gateway  
  16  0:43  Probe (Chrono Boost)  
  16  0:47  Assimilator  
  17  0:51  Probe  
  17  0:54  Assimilator  
  18  1:03  Probe (Chrono Boost)  
  19  1:07  Gateway  
  19  1:13  Probe (Chrono Boost)  
  19  1:17  Probe (Chrono Boost)  
  20  1:25  Cybernetics Core  
  21  1:29  Probe  
  22  1:33  Pylon  
  22  1:41  Probe  
  23  1:53  Probe  
  24  2:01  Stalker x2, Warp Gate  
  28  2:11  Pylon  
  28  2:17  Pylon  
  28  2:29  Stargate  
  28  2:41  Stalker  
  30  2:46  Stalker  
  32  3:00  Nexus  
  32  3:02  Probe  
  33  3:12  Oracle (Chrono Boost)  
  33  3:16  Probe  
  37  3:23  Shield Battery  
  37  3:28  Probe  
  38  3:36  Pylon  
  38  3:39  Shield Battery  
  38  3:41  Probe  
  39  3:54  Probe  
  40  3:57  Twilight Council  
  40  4:04  Stalker  
  40  4:06  Probe  
  43  4:18  Probe (Chrono Boost)  
  43  4:19  Probe (Chrono Boost)  
  42  4:28  Probe x2 (Chrono Boost)  
  44  4:32  Blink (Chrono Boost)  
  44  4:33  Probe (Chrono Boost)  
  44  4:34  Probe (Chrono Boost)  
  46  4:39  Dark Shrine  
  46  4:45  Probe x2  
  48  4:50  Assimilator  
  48  4:56  Forge  
  48  4:57  Probe x2  
  50  5:00  Stalker  
  52  5:09  Probe x2  
  52  5:10  Pylon  
  52  5:12  Pylon  
  54  5:21  Probe x2  
  55  5:26  Stalker  
  58  5:33  Probe  
  58  5:34  Probe  
  60  5:36  Protoss Ground Weapons Level 1 (Chrono Boost)  
  60  5:42  Nexus  
  60  5:47  Photon Cannon, Probe  
  62  5:51  Dark Templar  
  62  5:55  Dark Templar  
  62  5:56  Probe  
  66  6:03  Pylon, Probe  
  67  6:07  Robotics Facility  
  67  6:13  Probe  
  67  6:14  Assimilator  
  67  6:15  Probe  
  69  6:24  Stalker  
  71  6:29  Gateway  
  71  6:32  Gateway  
  71  6:37  Probe  
  70  6:46  Gateway  
  70  6:47  Gateway, Sentry  
  70  6:48  Stalker  
  70  6:49  Gateway, Probe x2  
  77  6:54  Observer (Chrono Boost)  
  77  6:56  Probe  
  77  7:01  Probe  
  79  7:07  Charge (Chrono Boost), Pylon  
  79  7:08  Probe  
  78  7:12  Stalker x2  
  78  7:13  Probe  
  83  7:18  Shield Battery x2  
  83  7:19  Immortal (Chrono Boost)  
  85  7:29  Stalker, Sentry  
  86  7:35  Sentry  
  86  7:36  Stalker  
  85  7:41  Pylon  
  85  7:44  Pylon  
  85  7:51  Pylon  
  85  7:54  Pylon  
  85  7:55  Pylon  
  85  8:03  Stalker, Dark Templar  
  85  8:06  Stalker  
  85  8:07  Stalker  
  85  8:08  Stalker x2  
  75  8:18  Stalker  
  62  8:31  Warp Prism (Chrono Boost), Probe (Chrono Boost)  
  63  8:38  Dark Templar  
  63  8:40  Stalker  
  69  8:52  Probe (Chrono Boost)  
  69  8:53  Stalker, Sentry  
  74  8:58  Probe x2  
  76  9:05  Observer (Chrono Boost)  
  77  9:10  Probe x2  
  77  9:12  Pylon  
  79  9:23  Nexus  
  78  9:24  Probe x2  
  79  9:33  Robotics Bay  
  79  9:39  Probe x2  
  79  9:41  Stalker, Sentry  
  85  9:47  Pylon  
  85  9:50  Dark Templar  
  85  9:52  Probe  
  88  9:53  Probe  
  88  9:59  Dark Templar  
  91  10:04  Probe  
  91  10:06  Probe  
  92  10:08  Dark Templar  
  92  10:12  Stalker  
  96  10:16  Shield Battery  
  96  10:18  Dark Templar  
  98  10:30  Shield Battery  
  98  10:31  Disruptor (Chrono Boost)  
  98  10:32  Shield Battery  
  101  10:49  Dark Templar  
  103  10:50  Stalker  
  85  11:01  Dark Templar, Zealot  
  85  11:02  Zealot x3  
  68  11:14  Dark Templar  
  59  11:23  Probe x2  
  59  11:25  Dark Templar  
  48  11:26  Zealot  
  48  11:27  Zealot x2  
  32  11:35  Probe  
Tags
 
Add a new tag
Caveats
  • Supply blocks, unpowered buildings, or Contaminate may cause inaccurate times.
  • Supply counts are checked every 10 seconds.